 Dungeon Crawl Stone Soup version 0.28.0-53-g5a82cb258f (webtiles) character file.

Game seed: 11281600875081513217

56 moldycheese5 the Skirmisher (level 3, -1/29 HPs)
             Began as a Demonspawn Abyssal Knight on June 17, 2022.
             Was a Follower of Lugonu.
             Killed from afar by an orc wizard (8 damage)
             ... with a magic dart
             ... on level 3 of the Dungeon.
             The game lasted 00:03:48 (2721 turns).

moldycheese5 the Skirmisher (DsAK)                  Turns: 2721, Time: 00:03:49

Health: -1/29      AC:  7    Str: 13    XL:     3   Next: 69%
Magic:  4/4        EV:  9    Int: 11    God:    Lugonu [*.....]
Gold:   54         SH:  0    Dex: 15    Spells: 2/2 levels left

rFire   . . .      SeeInvis .   a - +1 falchion
rCold   . . .      Faith    .   (no shield)
rNeg    . . .      Spirit   .   k - +0 scale mail
rPois   .          Reflect  .   (no helmet)
rElec   .          Harm     .   (no cloak)
rCorr   .          Rampage  .   (no gloves)
Will    .....                   g - +0 pair of boots
Stlth   ..........              (no amulet)
HPRegen 0.09/turn               (no ring)
MPRegen 0.09/turn               (no ring)

@: confused
A: demonic guardian 2
a: Renounce Religion, Depart the Abyss


You were on level 3 of the Dungeon.
You worshipped Lugonu.
Lugonu was aware of your devotion.
You visited 1 branch of the dungeon, and saw 3 of its levels.
You visited the Abyss 1 time.

You collected 54 gold pieces.

Inventory:

Hand Weapons
 a - a +1 falchion (weapon)
Armour
 b - a +0 leather armour
 g - a +0 pair of boots (worn)
 k - a +0 scale mail (worn)
Jewellery
 h - a ring of magical power
Scrolls
 d - a scroll of magic mapping {unknown}
 e - a scroll of identify {unknown}
 f - a scroll of fog {unknown}
 i - a scroll of amnesia {unknown}
Potions
 c - a potion of resistance {unknown}
 j - 2 potions of curing {unknown}


   Skills:
 + Level 3.4 Fighting
 + Level 3.0 Long Blades
 + Level 2.1 Armour
 + Level 1.0 Dodging
 + Level 0.4 Stealth
 + Level 2.4 Invocations


You had 2 spell levels left.
You didn't know any spells.
Your spell library was empty.

Dungeon Overview and Level Annotations

Branches:
Dungeon (3/15)

Altars:
Ashenzari


Innate Abilities, Weirdness & Mutations

A demonic guardian rushes to your aid.


Message History

Something completely misses you. Something hits your hellwing.
You hear some strange, mumbled words.
Your hellwing resists with almost no effort.
An orc wizard is nearby!
You hit the orc wizard.
The orc wizard is lightly wounded.
The orc wizard closely misses you.
You closely miss the orc wizard.
The orc wizard is lightly wounded.
The orc wizard barely misses you.
You hit the orc wizard.
The orc wizard is moderately wounded.
The orc wizard hits you but does no damage.
The orc wizard hits you with a +0 dagger.
* * * LOW HITPOINT WARNING * * *
You hit the orc wizard.
The orc wizard is heavily wounded.
The orc wizard barely misses you.
You hit the orc wizard but do no damage.
The orc wizard is heavily wounded.
The orc wizard barely misses you.
You barely miss the orc wizard.
The orc wizard is heavily wounded.
The orc wizard gestures at you while chanting.
You are confused.
You bump into the rock wall.
The orc wizard hits you but does no damage.
You bump into the rock wall.
The orc wizard casts a spell at you. The puff of flame misses you.
You bump into the rock wall.
The orc wizard hits you but does no damage.
You slash the orc wizard!
The orc wizard is almost dead.
The orc wizard barely misses you.
You bump into the rock wall.
The orc wizard points at you and mumbles some strange words.
The magic dart hits you!
You die...

##......#######
................
##..####.######. #
#..# #.# .. ##..#
##.## ... #...###...##
.... #..........#
.....###4#o###....#
.........#@.###.#.#
##..##..##.###.#.####
##..##..##.#.$........
#..............#......
#.####...).†)....)(##.
#...))!..####.#
^...........# ...
...........(.# #..
.#####.......# .#


You could see an orc wizard.

Vanquished Creatures
  A dart slug (D:2)
  2 orcs (D:3)
  5 endoplasms
  5 goblins
  6 hobgoblins
  2 quokkas (D:1)
  3 ball pythons
  7 bats
  A frilled lizard (D:2)
  2 rats (D:1)
34 creatures vanquished.

Vanquished Creatures (collateral kills)
  An adder (D:2)
  An orc (D:3)
  A kobold (D:3)
  A bat (D:2)
4 creatures vanquished.

Grand Total: 38 creatures vanquished

Notes
Turn   | Place    | Note
-------+----------+-------------------------------------------
     0 | Abyss:1  | moldycheese5 the Demonspawn Abyssal Knight began the quest
                  | for the Orb.
     0 | Abyss:1  | Reached XP level 1. HP: 18/18 MP: 2/2
     0 | D:1      | Escaped the Abyss
   665 | D:1      | Reached skill level 1 in Dodging
   818 | D:1      | Gained mutation: A weak demonic guardian rushes to your
                  | aid. [demonic ancestry]
   818 | D:1      | Reached XP level 2. HP: 20/24 MP: 3/3
  1157 | D:1      | Found a faded altar of an unknown god.
  1367 | D:2      | Reached * piety under Lugonu
  1562 | D:2      | Gained mutation: A demonic guardian rushes to your aid.
                  | [demonic ancestry]
  1562 | D:2      | Reached XP level 3. HP: 10/29 MP: 4/4
  2214 | D:2      | Found a broken altar of Ashenzari.
  2721 | D:3      | Killed from afar by an orc wizard

Illustrated notes

Levels and vault maps discovered:
D:1:      roderic_crop_circles_arrival_small, layout_basic,
          dilly_ecumenical_altar_fadedgnrine, kennysheep_another_room
D:2:      layout_loops_corners, basic_altar
D:3:      layout_loops_ring, nicolae_tso_besieged_by_evil,
          mainiacjoe_overflow_surrounded_room, dancing_weapons_uskayaw,
          uniq_natasha, uniq_grinder

Skill      XL: |  1  2  3 |
---------------+----------+-----
Long Blades    | 2 3 |  3.0
Dodging        | 1 |  1.0
Armour         | 2 |  2.1
Fighting       | |  3.4
Stealth        | |  0.4
Invocations    | |  2.4

Action                   || total
-------------------------++-------
Melee: Falchion          ||   110
Invok: Depart the Abyss  ||     1
Armor: Leather armour    ||    34
       Scale mail        ||    22
Dodge: Dodged            ||    75
